 Dungeon Crawl Stone Soup version 0.30.0 (webtiles) character file.

Game seed: 11409426251545808687

1213 monsoonserge the Conjurer (level 8, 0/56 (58) HPs)
             Began as a Gnoll Conjurer on May 6, 2023.
             Succumbed to Crazy Yiuf's poison
             ... on level 5 of the Dungeon.
             The game lasted 00:15:21 (5068 turns).

monsoonserge the Conjurer (Gnoll Conjurer)          Turns: 5068, Time: 00:15:21

HP:   0/56 (58)     AC:  9    Str:  7    XL:     8   Next: 46%
MP:   13/17         EV: 11    Int: 22    God:
Gold: 192           SH:  5    Dex: 11    Spells: 15/19 levels left

rFire   + . .        a - +1 flail (heavy)
rCold   + . .        (no shield)
rNeg    . . .        E - +0 ring mail of Hupaesun {rC+ Int+3}
rPois   .            F - +1 helmet
rElec   .            t - scarf {+Inv}
rCorr   .            d - +0 pair of gloves
SInv    .            (no boots)
Will    .....        q - amulet of reflection
Stlth   ++           D - ring of protection from fire
HPRegen 0.29/turn    (no ring)
MPRegen 0.15/turn

%: reflection
@: mighty, lethally poisoned (0 -> -13), lightly drained
A: fangs 1, strong nose, distributed training
a: Evoke Invisibility


You were on level 5 of the Dungeon.
You visited 1 branch of the dungeon, and saw 5 of its levels.

You collected 231 gold pieces.
You spent 39 gold pieces at shops.

Inventory:

Hand Weapons
 a - a +1 heavy flail (weapon)
 e - a +0 short sword
 u - a +0 flail
 v - a +0 rapier
 y - a +0 short sword of electrocution
 H - a +0 whip of flaming
Missiles
 g - 6 javelins
 m - 48 stones
 o - 6 boomerangs (quivered)
 s - 14 poisoned darts
 A - 2 boomerangs of dispersal
Armour
 d - a +0 pair of gloves (worn)
 t - a scarf of invisibility (worn)
 x - a +0 leather armour of poison resistance
 E - the +0 ring mail of Hupaesun (worn) {rC+ Int+3}
   (You found it on level 4 of the Dungeon)

   Int:       It affects your intelligence (+3).
   rC:        It protects you from cold.
 F - a +1 helmet (worn)
Jewellery
 q - an amulet of reflection (around neck)
 D - a ring of protection from fire (left hand)
Wands
 p - a wand of mindburst (13)
 C - a wand of iceblast (8)
 G - a wand of quicksilver (12)
Scrolls
 c - 7 scrolls of identify {unknown}
 f - 5 scrolls of teleportation
 n - a scroll of blinking {unknown}
Potions
 b - a potion of magic
 h - a potion of ambrosia {unknown}
 i - a potion of might
 j - 2 potions of flight {unknown}
 k - a potion of curing {unknown}
 l - 2 potions of heal wounds {unknown}
 r - a potion of lignification {unknown}
 w - a potion of attraction {unknown}
 z - a potion of haste
 B - a potion of cancellation {unknown}


   Skills:
 + Level 3.4 Fighting
 + Level 3.4 Short Blades
 + Level 3.4 Long Blades
 + Level 3.4 Axes
 + Level 3.4 Maces & Flails
 + Level 3.4 Polearms
 + Level 3.4 Staves
 + Level 3.4 Ranged Weapons
 + Level 3.4 Throwing
 + Level 3.4 Armour
 + Level 5.8 Dodging
 + Level 5.4 Stealth
 + Level 3.4 Shields
 + Level 3.4 Unarmed Combat
 + Level 6.1 Spellcasting
 + Level 7.7 Conjurations
 + Level 2.8 Hexes
 + Level 2.8 Summonings
 + Level 2.8 Necromancy
 + Level 2.8 Translocations
 + Level 2.8 Transmutations
 + Level 2.8 Fire Magic
 + Level 2.8 Ice Magic
 + Level 2.8 Air Magic
 + Level 2.8 Earth Magic
 + Level 2.8 Poison Magic
 + Level 3.7 Invocations
 + Level 3.4 Evocations


You had 15 spell levels left.
You knew the following spells:

 Your Spells              Type           Power      Damage    Failure   Level
a - Magic Dart            Conj           100%       1d8       1%          1
b - Dazzling Flash        Conj/Hex       58%        N/A       10%         3

Your spell library contained the following spells:

 Spells                   Type           Power      Damage    Failure   Level
 Searing Ray              Conj           80%        2d7       1%          2
 Lesser Beckoning         Tloc           38%        N/A       14%         2
 Sublimation of Blood     Necr           19%        N/A       14%         2
 Wereblood                Tmut           19%        N/A       14%         2
 Gell's Gravitas          Tloc           19%        N/A       26%         3
 Teleport Other           Tloc           19%        N/A       26%         3
 Fulminant Prism          Conj/Hex       14%        3d9       32%         4
 Iskenderun's Mystic Bla  Conj/Tloc      29%        2d7       32%         4
 Summon Hydra             Summ           9%         N/A       100%        7


Dungeon Overview and Level Annotations

Branches:
Dungeon (5/15)
 Temple: D:4-7

Altars:
Elyvilon
Kikubaaqudgha
Ru
Trog
Wu Jian
Yredelemnul

Shops:
D:4 *

Annotations:
D:5 Crazy Yiuf


Innate Abilities, Weirdness & Mutations

You have very sharp teeth.
Your uncanny sense of smell can sniff out nearby items.
Your experience applies equally to all skills.


Message History

You start resting.
Magic restored.
You start resting.
HP restored.
There is an open door here.
There is an open door here.
Found a hammer.
Found a runed translucent door.
Crazy Yiuf says, "Lay!"
You open the door.
Casting: Magic Dart (safe; 1% risk of failure)
Confirm with . or Enter, or press ? or * to list all spells.
Okay, then.
You closely miss Crazy Yiuf.
Crazy Yiuf hits you with a +4 quarterstaff of chaos!
You are electrocuted!
Crazy Yiuf hits you with a +4 quarterstaff of chaos.
You feel drained.
You hit Crazy Yiuf. You bite Crazy Yiuf, but do no damage.
Crazy Yiuf is moderately wounded.
Crazy Yiuf hits you with a +4 quarterstaff of chaos!
You feel your power leaking away.
Crazy Yiuf yells, "Ten!"
You block Crazy Yiuf's attack.
You closely miss Crazy Yiuf.
Crazy Yiuf is moderately wounded.
Crazy Yiuf hits you with a +4 quarterstaff of chaos!
You are poisoned.
Crazy Yiuf hits you with a +4 quarterstaff of chaos!
* * * LOW HITPOINT WARNING * * *
Crazy Yiuf burns you.
* * * LOW HITPOINT WARNING * * *
It was a potion of might.
You feel very mighty all of a sudden.
* * * LOW HITPOINT WARNING * * *
You feel very sick. Crazy Yiuf closely misses you.
You closely miss Crazy Yiuf. Your punch misses Crazy Yiuf.
Your bite misses Crazy Yiuf.
Crazy Yiuf is moderately wounded.
You die...

#.#.#####.#
#.......# #.#.# #.#
##.#####.# #.#.###
#.# #.....##.#
[.....# #.# #####
#..##.##.#
#.#.#.###.## #)..#
##..#......
#..........# #...#
#...#..##.#
..........## ...
#.#....##.#
##...###### #g#
#...##.##.# ##.##
#@## ##........# #.#
##.# #.##...### #.#
#.## #.#.....# ##'##
##.# #.......#
##...## ##.##
###.....# #.....##
##...# ##...##
.......## #....#
##[.## #
........#### ##..##
#####...####
........'..####....#
#..........'


You could see Crazy Yiuf.

Vanquished Creatures
  Pikel (D:5)
  Prince Ribbit (D:5)
  A phantom (D:5)
  3 scorpions (D:5)
  2 jellies (D:5)
  Ijyb (D:5)
  An iguana (D:5)
  3 orc wizards
  6 adders
  2 white imps (D:4)
  3 ufetubi
  2 worms (D:3)
  2 dart slugs (D:2)
  12 orcs
  3 bats
  7 endoplasms
  3 giant cockroaches
  8 hobgoblins
  A quokka (D:2)
  4 ball pythons
  3 frilled lizards
  4 goblins
  2 kobolds
  5 rats
80 creatures vanquished.

Vanquished Creatures (others)
  A human (D:5)
  3 demonic plants (D:4)
4 creatures vanquished.

Grand Total: 84 creatures vanquished

Notes
Turn   | Place    | Note
-------+----------+-------------------------------------------
     0 | D:1      | monsoonserge the Gnoll Conjurer began the quest for the
                  | Orb.
     0 | D:1      | Reached XP level 1. HP: 13/13 MP: 6/6
   288 | D:1      | Reached XP level 2. HP: 19/19 MP: 3/7
  1075 | D:2      | Reached skill level 5 in Spellcasting
  1075 | D:2      | Reached XP level 3. HP: 22/25 MP: 2/9
  1210 | D:3      | Reached skill level 1 in Invocations
  1214 | D:3      | Learned a level 3 spell: Dazzling Flash
  1274 | D:3      | Reached skill level 1 in Fighting
  1274 | D:3      | Reached skill level 1 in Short Blades
  1274 | D:3      | Reached skill level 1 in Long Blades
  1274 | D:3      | Reached skill level 1 in Axes
  1274 | D:3      | Reached skill level 1 in Maces & Flails
  1274 | D:3      | Reached skill level 1 in Polearms
  1274 | D:3      | Reached skill level 1 in Staves
  1274 | D:3      | Reached skill level 1 in Ranged Weapons
  1274 | D:3      | Reached skill level 1 in Throwing
  1274 | D:3      | Reached skill level 1 in Armour
  1274 | D:3      | Reached skill level 1 in Shields
  1274 | D:3      | Reached skill level 1 in Unarmed Combat
  1274 | D:3      | Reached skill level 1 in Evocations
  1462 | D:3      | Reached XP level 4. HP: 32/32 MP: 8/11
  1674 | D:2      | Found an ornate altar of the Wu Jian Council.
  1806 | D:2      | Reached skill level 1 in Hexes
  1806 | D:2      | Reached skill level 1 in Summonings
  1806 | D:2      | Reached skill level 1 in Necromancy
  1806 | D:2      | Reached skill level 1 in Translocations
  1806 | D:2      | Reached skill level 1 in Transmutations
  1806 | D:2      | Reached skill level 1 in Fire Magic
  1806 | D:2      | Reached skill level 1 in Ice Magic
  1806 | D:2      | Reached skill level 1 in Air Magic
  1806 | D:2      | Reached skill level 1 in Earth Magic
  1806 | D:2      | Reached skill level 1 in Poison Magic
  2532 | D:3      | Found a white marble altar of Elyvilon.
  2943 | D:4      | Reached XP level 5. HP: 37/37 MP: 9/12
  3125 | D:4      | Found a sacrificial altar of Ru.
  3176 | D:4      | Found Bulipuas's General Store.
  3186 | D:4      | Bought a scroll of teleportation for 39 gold pieces
  3286 | D:4      | Identified the +0 ring mail of Hupaesun {rC+ Int+3}
  3574 | D:5      | Entered Level 5 of the Dungeon
  3728 | D:5      | Found a basalt altar of Yredelemnul.
  3853 | D:5      | Reached skill level 5 in Dodging
  3853 | D:5      | Reached XP level 6. HP: 44/44 MP: 7/14
  3985 | D:5      | Noticed Prince Ribbit
  4001 | D:5      | Killed Prince Ribbit
  4002 | D:5      | Reached XP level 7. HP: 12/51 MP: 13/15
  4415 | D:5      | Reached skill level 5 in Stealth
  4482 | D:5      | Found a bloodstained altar of Trog.
  4646 | D:5      | Noticed Ijyb
  4650 | D:5      | Killed Ijyb
  4758 | D:5      | Found an ancient bone altar of Kikubaaqudgha.
  4761 | D:5      | Noticed a human
  4762 | D:5      | Killed a human
  4892 | D:5      | Noticed Pikel
  4910 | D:5      | Killed Pikel
  4911 | D:5      | Reached XP level 8. HP: 37/58 MP: 15/17
  5059 | D:5      | Found a runed translucent door.
  5060 | D:5      | Noticed Crazy Yiuf
  5068 | D:5      | Succumbed to Crazy Yiuf's poison

Illustrated notes

Levels and vault maps discovered:
D:1:      minmay_arrival_widening_spiral_wide, layout_basic
D:2:      layout_loops_ring, basic_altar, kennysheep_cross_bottleneck,
          kennysheep_nondescript, st_stairs_12
D:3:      layout_rooms, mainiacjoe_overflow_alcove_2, serial_aquarium,
          aquarium_bridge_square [aquarium_subvault_window,
          aquarium_subvault_bridge, aquarium_subvault_bridge,
          aquarium_subvault_wall], aquarium_window_2, aquarium_window_1,
          aquarium_window_2, aquarium_window_corner, aquarium_view_2b,
          aquarium_view_2d, minivault_4
D:4:      layout_loops_ring, old_standard_altar, serial_shops,
          nicolae_shop_stone, serial_demonic, serial_demonic_b,
          serial_demonic_g, serial_demonic_g, serial_demonic_c
D:5:      layout_loops_corners, tgw_kikubaaqudgha, mainiacjoe_overflow_brackets,
          mainiacjoe_overflow_small_starburst, uniq_prince_ribbit1,
          uniq_crazy_yiuf_cottage, uniq_ijyb, uniq_pikel

Skill      XL: |  1  2  3  4  5  6  7 |
---------------+----------------------+-----
Spellcasting   | 5 6 |  6.1
Invocations    | 1 2 3 |  3.7
Fighting       | 1 2 3 |  3.4
Short Blades   | 1 2 3 |  3.4
Long Blades    | 1 2 3 |  3.4
Axes           | 1 2 3 |  3.4
Maces & Flails | 1 2 3 |  3.4
Polearms       | 1 2 3 |  3.4
Staves         | 1 2 3 |  3.4
Ranged Weapons | 1 2 3 |  3.4
Throwing       | 1 2 3 |  3.4
Armour         | 1 2 3 |  3.4
Shields        | 1 2 3 |  3.4
Unarmed Combat | 1 2 3 |  3.4
Evocations     | 1 2 3 |  3.4
Hexes          | 1 2 |  2.8
Summonings     | 1 2 |  2.8
Necromancy     | 1 2 |  2.8
Translocations | 1 2 |  2.8
Transmutations | 1 2 |  2.8
Fire Magic     | 1 2 |  2.8
Ice Magic      | 1 2 |  2.8
Air Magic      | 1 2 |  2.8
Earth Magic    | 1 2 |  2.8
Poison Magic   | 1 2 |  2.8
Dodging        | 5 |  5.8
Stealth        | 5 |  5.4
Conjurations   | |  7.7

Action                     |  1- 3 |  4- 6 |  7- 9 || total
---------------------------+-------+-------+-------++-------
  Melee: Short sword       |     6 |    52 |       ||    58
         Bite              |       |     3 |     6 ||     9
         Flail             |       |       |    57 ||    57
  Throw: Javelin           |     2 |       |       ||     2
   Cast: Magic Dart        |    62 |    77 |    22 ||   161
         Dazzling Flash    |       |     2 |     1 ||     3
  Evoke: Wand              |       |     1 |       ||     1
    Use: Potion            |       |       |     1 ||     1
   Stab: Invisible         |       |     1 |     1 ||     2
         Sleeping          |       |     1 |       ||     1
 Armour: Robe              |     2 |       |       ||     2
         Leather armour    |       |     3 |       ||     3
         Ring mail         |       |    10 |    38 ||    48
  Dodge: Dodged            |    17 |    29 |    39 ||    85
  Block: Other             |       |    11 |    26 ||    37
         Reflection        |       |     2 |       ||     2
